 Dungeon Crawl Stone Soup version 0.32-a0-172-gc5dd13f2a7 (webtiles) character file.

Game seed: 262114229876208383

4315 zenocrate the Covert (level 10, -1/68 HPs)
             Began as an Octopode Delver on Feb 12, 2024.
             Was an Initiate of Gozag.
             Slain by Amaemon
             ... wielding a +1 demon whip of venom
              (3 damage)
             ... on level 9 of the Dungeon.
             The game lasted 00:08:19 (6879 turns).

zenocrate the Covert (Octopode Delver)              Turns: 6879, Time: 00:08:21

Health: -1/68      AC:  3    Str: 11    XL:     10   Next: 33%
Magic:  10/10      EV: 21    Int: 13    God:    Gozag
Gold:   263        SH:  0    Dex: 18    Spells: 4/9 levels left

rFire   + . .        a - +7 Throatcutter {drain, coup de grace}
rCold   + + .        (no shield)
rNeg    . . .        g - +2 hat
rPois   +            (no amulet)
rElec   +            i - +5 ring of evasion
rCorr   +            y - ring of wizardry
SInv    .            O - ring of protection from cold
Will    .....        (no ring)
Stlth   +++++        (no ring)
HPRegen 0.31/turn    (no ring)
MPRegen 0.12/turn    (no ring)
                     (no ring)

%: wizardry (x1)
@: mighty, resistant, hasted, very quick
A: almost no armour, amphibious, 8 rings, camouflage 1, gelatinous body 1,
(nimble swimmer 1), tentacles
a: Renounce Religion, Potion Petition, Call Merchant, Bribe Branch


You were on level 9 of the Dungeon.
You worshipped Gozag.
Gozag was aware of your devotion.
You visited 2 branches of the dungeon, and saw 10 of its levels.

You collected 1015 gold pieces.
You paid 752 gold pieces to Gozag.

Inventory:

Hand Weapons
 a - the +7 Throatcutter (weapon) {drain, coup de grace}
   (You took it off Terence on level 3 of the Dungeon)
 b - a +2 dagger of venom
 h - a +0 rapier
 w - a +1 dagger of protection
 x - a +3 dagger of freezing
 A - a +0 short sword
 M - a +3 short sword of freezing
Missiles
 v - 8 boomerangs (quivered)
 B - 22 poisoned darts
 Q - a throwing net
Armour
 g - a +2 hat (worn)
Jewellery
 i - a +5 ring of evasion (left tentacle)
 y - a ring of wizardry (right tentacle)
 O - a ring of protection from cold (on tentacle)
Talismans
 u - a beast talisman
 P - a serpent talisman
Wands
 f - a wand of digging (11)
 F - a wand of charming (12)
 N - a wand of flame (19)
Scrolls
 c - 4 scrolls of revelation
 m - a scroll of immolation {unknown}
 n - 6 scrolls of fog
 o - a scroll of teleportation {unknown}
 p - a scroll of noise
 t - a scroll of enchant armour {unknown}
 E - a scroll of poison {unknown}
 G - a scroll of brand weapon {unknown}
 H - 2 scrolls of enchant weapon {unknown}
 J - a scroll of vulnerability {unknown}
Potions
 e - a potion of haste
 j - a potion of curing
 k - 2 potions of brilliance
 l - a potion of enlightenment
 q - a potion of might
 r - a potion of magic
 s - 2 potions of berserk rage
 z - 5 potions of heal wounds {unknown}
 C - 2 potions of lignification {unknown}
 D - a potion of degeneration {unknown}
 I - a potion of invisibility {unknown}
 K - a potion of resistance {unknown}
 L - a potion of ambrosia {unknown}


   Skills:
 + Level 6.1 Fighting
 - Level 5.2(6.2) Short Blades
 + Level 5.2(6.2) Long Blades
 + Level 5.7 Dodging
 - Level 9.6 Stealth
 - Level 2.3 Hexes
 - Level 3.1 Necromancy
 - Level 1.4 Ice Magic
 + Level 5.6 Evocations
 * Level 4.9 Shapeshifting


You had 4 spell levels left.
You knew the following spells:

 Your Spells              Type           Power      Damage    Failure   Level
a - Ensorcelled Hibernat  Hex/Ice        8%         N/A       9%          2
b - Fugue of the Fallen   Necr           8%         N/A       11%         3

Your spell library contained the following spells:

 Spells                   Type           Power      Damage    Failure   Level
 Anguish                  Hex/Necr       3%         N/A       38%         4


Dungeon Overview and Level Annotations

Branches:
Dungeon (9/15)             Temple (1/1) D:6
   Lair: D:8-11         Orc: D:9-12

Altars:
Ashenzari
Cheibriados
Dithmenos
Elyvilon
Fedhas
Gozag
Hepliaklqana
Kikubaaqudgha
Makhleb
Nemelex Xobeh
Okawaru
Qazlal
Ru
Sif Muna
Trog
Uskayaw
Vehumet
Wu Jian
Xom
Yredelemnul
Zin
The Shining One

Shops:
D:5 (

Annotations:
D:8 3 runed translucent doors, Azoth's ghost, novice KoBr
D:9 Amaemon


Innate Abilities, Weirdness & Mutations

You cannot wear most types of armour.
You are amphibious.
You can wear up to eight rings at the same time.
Your skin changes colour to match your surroundings (Stealth+).
Your rubbery body absorbs attacks. (AC +1, EV +1)
((You are camouflaged when in or above water. (Stealth+)))
You have tentacles for arms and can constrict up to eight enemies at once.


Message History

You slash Amaemon!
Amaemon is moderately wounded.
You constrict Amaemon, but do no damage.
You feel very sick. Amaemon closely misses you. Amaemon misses you.
Amaemon completely misses you. The orange demon completely misses you.
Unknown command.
Unknown command. [a] - 648 gold - resistance, might and haste [b] - 588 gold - resistance, might, haste and brilliance [c] - 315 gold - resistance and enlightenment Purchase which effect?
You no longer have enough gold to petition Gozag for potion effects.
You no longer have enough gold to fund merchants seeking to open stores in the dungeon.
You feel protected.
You feel very mighty all of a sudden.
You feel yourself speed up.
You constrict Amaemon.
You feel very sick.
Amaemon hits you with a +1 demon whip of venom.
* * * LOW HITPOINT WARNING * * *
Amaemon misses you. Amaemon tail-slaps you.
* * * LOW HITPOINT WARNING * * *
The orange demon completely misses you.
Unknown command.
You feel better.
You constrict Amaemon.
Amaemon hits you with a +1 demon whip of venom.
* * * LOW HITPOINT WARNING * * *
Amaemon claws you.
* * * LOW HITPOINT WARNING * * *
Amaemon closely misses you. The orange demon misses you.
Unknown command.
Okay, then.
Okay, then.
As you read the scroll labelled CAUSAO SITWOCK, it crumbles to dust.
You hear a loud clanging noise!
It was a scroll of noise.
You constrict Amaemon.
You hear a shout! x2; You hear an angry buzzing noise.
You hear a shout!
You hear an angry buzzing noise.
You hear a shout!
Amaemon closely misses you. x2; Amaemon tail-slaps you.
You die...
Your body crumbles into a pile of gold.

.###..# ##
.##.#.# ...##...#
#4##.#.#
########......#
#.......###4###
#4.6....# #.#
#.......###4####
#....$.......@.#
..........##.##6#
##........##.##.#
#........##....#
......###.#####.#
#.##.## #.......#
...... #######.#
.....
#.......#####
.#.###.#
...##.......#
#########


You could see Amaemon (drained) and an orange demon.

Vanquished Creatures
  Pikel (D:6)
  Maurice (D:8)
  A hornet (D:8)
  A wyvern (D:8)
  A wraith (D:8)
  A water moccasin (D:6)
  Duvessa (D:7)
  2 orc warriors
  A black bear (D:4)
  2 ice beasts
  2 sky beasts
  An ogre (D:6)
  A phantom (D:5)
  A lemure (D:6)
  A kobold brigand (D:9)
  3 bullfrogs
  3 scorpions
  7 wights
  Dowan (D:7)
  A killer bee (D:9)
  4 bombardier beetles
  2 howler monkeys (D:8)
  A hound (D:4)
  4 orc priests
  A jelly (D:6)
  Crazy Yiuf (D:3)
  An iron imp (D:7)
  Jessica (D:3)
  7 iguanas
  Terence (D:3)
  7 orc wizards
  Robin (D:2)
  4 gnolls (D:3)
  9 adders
  A shadow imp (D:7)
  A white imp (D:7)
  2 ufetubi (D:6)
  3 ribbon worms
  30 orcs
  8 bats
  6 endoplasms
  8 giant cockroaches
  17 goblins
  14 hobgoblins
  4 jackals (D:3)
  9 quokkas
  5 ball pythons
  3 frilled lizards
  10 kobolds
  2 rats (D:3)
200 creatures vanquished.

Notes
Turn   | Place    | Note
-------+----------+-------------------------------------------
     0 | D:5      | zenocrate the Octopode Delver began the quest for the Orb.
     0 | D:5      | Reached XP level 1. HP: 16/16 MP: 1/1
    43 | D:5      | Noticed a bombardier beetle
    48 | D:5      | Killed a bombardier beetle
    49 | D:5      | Reached skill level 7 in Stealth
    49 | D:5      | Reached XP level 2. HP: 16/21 MP: 2/2
    49 | D:5      | Reached XP level 3. HP: 20/26 MP: 3/3
   115 | D:5      | Found a shimmering altar of Xom.
   199 | D:5      | Noticed a phantom
   220 | D:5      | Killed a phantom
   221 | D:5      | Reached skill level 8 in Stealth
   221 | D:5      | Reached XP level 4. HP: 11/31 MP: 4/4
   221 | D:5      | Reached XP level 5. HP: 12/36 MP: 5/5
   519 | D:4      | Noticed a black bear
   521 | D:4      | Killed a black bear
   522 | D:4      | Reached skill level 9 in Stealth
   522 | D:4      | Reached XP level 6. HP: 41/42 MP: 6/6
   763 | D:4      | Learned a level 2 spell: Ensorcelled Hibernation
   767 | D:4      | Learned a level 3 spell: Fugue of the Fallen
   857 | D:2      | Noticed Robin
  1268 | D:1      | Found a faded altar of an unknown god.
  1353 | D:1      | Reached skill level 5 in Short Blades
  1687 | D:2      | Killed Robin
  1688 | D:2      | Reached skill level 1 in Hexes
  2301 | D:3      | Noticed Jessica
  2312 | D:3      | Killed Jessica
  2313 | D:3      | Reached skill level 1 in Ice Magic
  2313 | D:3      | Reached XP level 7. HP: 46/46 MP: 7/7
  2366 | D:3      | Found a runed translucent door.
  2367 | D:3      | Noticed Crazy Yiuf
  2523 | D:3      | Found a hazy altar of Hepliaklqana.
  2708 | D:3      | Noticed Terence
  2713 | D:3      | Killed Terence
  3164 | D:3      | Killed Crazy Yiuf
  3215 | D:4      | Found a blossoming altar of Fedhas.
  3227 | D:4      | Reached skill level 1 in Long Blades
  3227 | D:4      | Reached skill level 1 in Evocations
  3227 | D:4      | Reached skill level 1 in Shapeshifting
  3431 | D:4      | Reached XP level 8. HP: 48/52 MP: 8/8
  3883 | D:5      | Found Zounko's Weapon Shoppe.
  4064 | D:6      | Found a staircase to the Ecumenical Temple.
  4110 | Temple   | Entered the Ecumenical Temple
  4262 | Temple   | Became a worshipper of Gozag Ym Sagoz the Greedy
  4347 | D:6      | Noticed Pikel
  4349 | D:6      | Killed Pikel
  4350 | D:6      | Reached XP level 9. HP: 59/59 MP: 9/9
  4421 | D:6      | Found a bloodstained altar of Trog.
  4510 | D:6      | Identified the +0 scale mail of Hedging {rPois rN+ Str+3}
  4896 | D:7      | Reached skill level 5 in Fighting
  4896 | D:7      | Reached skill level 1 in Necromancy
  5336 | D:7      | Noticed Duvessa
  5336 | D:7      | Noticed Dowan
  5343 | D:7      | Killed Duvessa
  5344 | D:7      | Killed Dowan
  5424 | D:7      | Found a burning altar of Makhleb.
  5646 | D:8      | Reached skill level 5 in Dodging
  5855 | D:8      | Reached skill level 5 in Evocations
  6007 | D:8      | Reached XP level 10. HP: 31/68 MP: 10/10
  6154 | D:8      | Found a runed translucent gate.
  6154 | D:8      | Found a runed translucent gate.
  6154 | D:8      | Found a runed translucent gate.
  6264 | D:8      | Noticed Azoth's ghost (novice KoBr)
  6335 | D:8      | Reached skill level 5 in Long Blades
  6488 | D:8      | Noticed Maurice
  6499 | D:8      | Maurice stole a +3 dagger of freezing
  6500 | D:8      | Maurice stole a serpent talisman
  6502 | D:8      | Maurice stole 6 poisoned darts
  6503 | D:8      | Maurice stole a ring of protection from cold
  6508 | D:8      | Something stole 40 gold
  6509 | D:8      | Killed Maurice
  6828 | D:9      | Noticed Amaemon
  6828 | D:9      | Noticed an orange demon
  6878 | D:9      | HP: 2/68 [Amaemon/+1 demon whip of venom (5)]
  6879 | D:9      | Slain by Amaemon

Illustrated notes

Levels and vault maps discovered:
D:1:      dpeg_arrival_erosion, layout_loops_corners,
          shapermc_ecumenical_altar_mp_urbaneastern
D:2:      cheibrodos_greedy_goblins, layout_loops_cross, chequers_big_river,
          minmay_misc_feat_more_columns, uniq_robin
D:3:      layout_loops_cross, overflow_temple_1_default, uniq_jessica,
          uniq_terence, uniq_crazy_yiuf_cottage
D:4:      layout_rooms, overflow_temple_1_default, minmay_misc_feat_cross
D:5:      layout_basic, serial_shops, nicolae_shop_tiny_real_fake_doors,
          gup_sewer_entry_pipe, kennysheep_diamond
D:6:      layout_loops_ring, trog_three_pillars_becter,
          minmay_temple_entry_drinking_statues, uniq_pikel
D:7:      layout_basic, demons_altar, chequers_decorated_corner, uniq_duvessa
D:8:      layout_loops_ring, gammafunk_ghost_icy, uniq_maurice
D:9:      minmay_slanted_spiral_squares, layout_loops_cross,
          minmay_orc_entry_guard_dogs, uniq_amaemon
Temple:   nicolae_temple_no_exploring_needed

Skill      XL: |  1  2  3  4  5  6  7  8  9 10 |
---------------+-------------------------------+-----
Short Blades   | 3 4 5 |  5.2
Stealth        | 7 8 9 |  9.6
Hexes          | 1 2 |  2.3
Ice Magic      | 1 |  1.4
Long Blades    | 1 3 4 5 |  5.2
Evocations     | 1 3 5 |  5.6
Shapeshifting  | 1 3 4 |  4.9
Dodging        | 4 5 |  5.7
Fighting       | 4 5 6 |  6.1
Necromancy     | 2 3 |  3.1

Action                     |  1- 3 |  4- 6 |  7- 9 | 10-12 || total
---------------------------+-------+-------+-------+-------++-------
  Melee: Short sword       |    18 |    57 |       |       ||    75
         Tentacles         |     6 |    27 |    31 |    11 ||    75
         Constrict         |     1 |    30 |    39 |    11 ||    81
         Dagger            |       |    68 |    47 |       ||   115
         Long sword        |       |       |   158 |    47 ||   205
   Cast: Ensorcelled Hiber |       |       |     2 |       ||     2
 Invoke: Potion Petition   |       |       |       |     1 ||     1
    Use: Scroll            |       |       |     6 |     2 ||     8
         Potion            |       |       |       |     2 ||     2
   Stab: Sleeping          |     1 |    25 |    34 |     2 ||    62
         Distracted        |       |     1 |     1 |     2 ||     4
 Armour: Skin              |     7 |    29 |    62 |    28 ||   126
  Dodge: Dodged            |     7 |    59 |   144 |    62 ||   272

Table legend: (Time is in decaauts)
 A = Elapsed time spent in this place.
 B = Non-inter-level travel time spent in this place.
 C = Inter-level travel time spent in this place.
 D = Time resting spent in this place.
 E = Time spent auto-exploring this place.
 F = Levels seen in this place.
 G = Mean time per level.
                   A        B        C        D        E       F      G
               +--------+--------+--------+--------+--------+-----+--------+
         Total |   6861 |   6610 |    251 |      0 |   5356 |  10 |  686.1 |
       Dungeon |   6701 |   6456 |    245 |      0 |   5211 |   9 |  744.6 |
        Temple |    159 |    153 |      6 |      0 |    145 |   1 |  159.0 |
               +--------+--------+--------+--------+--------+-----+--------+

Top non-repeatable levels by time:
     D:8: 1107 daAuts
     D:3: 942 daAuts
     D:5: 919 daAuts
     D:7: 828 daAuts
     D:2: 734 daAuts
     D:1: 701 daAuts
     D:4: 667 daAuts
     D:6: 604 daAuts
     D:9: 194 daAuts
  Temple: 159 daAuts
